 Seeded DCSS version 0.30.1-6-gbe392663c4 (webtiles) character file.

Game seed: 15355723370913860151 (custom seed)

19 Psyclone the Stinger (level 2, -9/17 HPs)
             Began as an Octopode Venom Mage on Sept 20, 2023.
             Mangled by a goblin
             ... wielding a +0 scimitar
              (12 damage)
             ... on level 1 of the Dungeon.
             The game lasted 00:01:27 (318 turns).

Psyclone the Stinger (Octopode Venom Mage)           Turns: 318, Time: 00:01:28

Health: -9/17      AC:  1    Str:  7    XL:     2   Next: 75%
Magic:  3/5        EV: 13    Int: 17    God:
Gold:   12         SH:  0    Dex: 12    Spells: 4/5 levels left

rFire   . . .        b - +0 dagger
rCold   . . .        (no shield)
rNeg    . . .        (helmet restricted)
rPois   .            (no amulet)
rElec   .            (no ring)
rCorr   .            (no ring)
SInv    .            (no ring)
Will    .....        (no ring)
Stlth   +++          (no ring)
HPRegen 0.22/turn    (no ring)
MPRegen 0.09/turn    (no ring)
                     (no ring)

%: no passive effects
@: no status effects
A: almost no armour, amphibious, 8 rings, camouflage 1, gelatinous body 1,
(nimble swimmer 1), tentacles
a: no special abilities


You were on level 1 of the Dungeon.
You visited 1 branch of the dungeon, and saw 1 of its levels.

You collected 12 gold pieces.

Inventory:

Hand Weapons
 b - a +0 dagger (weapon)
Missiles
 c - 2 curare-tipped darts
Scrolls
 d - a scroll of enchant armour {unknown}
 e - a scroll of teleportation {unknown}
Potions
 a - a potion of magic


   Skills:
 - Level 2.0 Dodging
 - Level 2.6 Stealth
 - Level 2.0 Spellcasting
 - Level 1.0 Transmutations
 + Level 4.8 Poison Magic


You had 4 spell levels left.
You knew the following spells:

 Your Spells              Type           Power      Damage    Failure   Level
a - Sting                 Tmut/Pois      44%        1d5       6%          1

Your spell library contained the following spells:

 Spells                   Type           Power      Damage    Failure   Level
 Poisonous Vapours        Pois/Air       18%        N/A       11%         2
 Olgreb's Toxic Radiance  Pois           18%        N/A       26%         4
 Mephitic Cloud           Conj/Pois/Air  7%         N/A       30%         3


Dungeon Overview and Level Annotations

Branches:
Dungeon (1/15) Zot: 5682

Altars:

Shops:
D:1 =


Innate Abilities, Weirdness & Mutations

You cannot wear most types of armour.
You are amphibious.
You can wear up to eight rings at the same time.
Your skin changes colour to match your surroundings (Stealth+).
Your rubbery body absorbs attacks. (AC +1, EV +1)
((You are camouflaged when in or above water. (Stealth+)))
You have tentacles for arms and can constrict up to eight enemies at once.


Message History

The kobold shouts!
You hear a shout! x2
You hit the kobold but do no damage. You grab the kobold.
You squeeze the kobold.
You kill the kobold!
You hit the endoplasm. Your squeeze misses the endoplasm.
The endoplasm is moderately wounded.
The endoplasm closely misses you.
You hit the endoplasm.
You kill the endoplasm!
Things that are here:
a +0 club; a kobold corpse 2 goblins come into view.
Found a scroll labelled MOTSAR IN UMOCS, a jade ring and a mace.
The goblin barely misses you.
You miss the goblin. Your grab misses the goblin.
The goblin hits you with a +0 scimitar.
You take 2 damage, and have 15/17 hp.
Casting: Sting (safe; 6% risk of failure)
Confirm with . or Enter, or press ? or * to list all spells.
Aiming: Sting (safe; 6% risk of failure)
Press: ? - help, Shift-Dir - straight line, f - goblin
Aim: a goblin, wielding a +0 scimitar (64% to hit)
The sting misses the goblin.
The goblin hits you with a +0 scimitar.
You take 6 damage, and have 9/17 hp.
MASSIVE DAMAGE!!
You now have 4/5 mp.
Casting: Sting (safe; 6% risk of failure)
Confirm with . or Enter, or press ? or * to list all spells.
Aiming: Sting (safe; 6% risk of failure)
Press: ? - help, Shift-Dir - straight line, f/p - goblin
Aim: a goblin, wielding a +0 scimitar (64% to hit)
The sting hits the goblin.
The goblin is poisoned.
The goblin is heavily wounded.
The goblin hits you with a +0 scimitar!
* * * LOW HITPOINT WARNING * * *
You take 6 damage, and have 3/17 hp.
MASSIVE DAMAGE!!
You now have 3/5 mp.
Things that are here:
a +0 club; a kobold corpse The goblin attacks as you move away!
The goblin misses you. The goblin attacks as you move away!
The goblin hits you with a +0 scimitar!
Ouch! That really hurt!
You die...

############..
#.............
.##...†.........
#.....†.........#
#####....######.#
##### ####..# #.#
...## ##.# #.# ##..#
#.# #.# # #.@.# #.##
#.# ..##)###g#.#
#..## #.# #...g?#g#.#
##..###.#
#..#.#########.....#
#...#...†.....#####.#
###.######.....# #>.
#.# #.....# #.# ...
#.....####.. ....
#.....'....#


You could see 2 goblins.

Vanquished Creatures
  A dart slug (D:1)
  4 ball pythons (D:1)
  An endoplasm (D:1)
  2 goblins (D:1)
  A hobgoblin (D:1)
  A bat (D:1)
  A frilled lizard (D:1)
  4 kobolds (D:1)
  A rat (D:1)
16 creatures vanquished.

Notes
Turn   | Place    | Note
-------+----------+-------------------------------------------
     0 | D:1      | Psyclone the Octopode Venom Mage began the quest for the
                  | Orb.
     0 | D:1      | Reached XP level 1. HP: 11/11 MP: 3/3
    52 | D:1      | Found Poafeakiy's One-of-a-Kind Rings.
    57 | D:1      | Reached skill level 4 in Poison Magic
   106 | D:1      | Reached XP level 2. HP: 11/17 MP: 1/5
   318 | D:1      | Mangled by a goblin

Illustrated notes

Levels and vault maps discovered:
D:1:      psy_arrival_whirlpool, layout_basic, nicolae_shop_unique_rings,
          minmay_octomino_j4

Skill      XL: |  1 |
---------------+----+-----
Poison Magic   | 4 |  4.8
Dodging        | |  2.0
Stealth        | |  2.6
Spellcasting   | |  2.0
Transmutations | |  1.0

Action                     || total
---------------------------++-------
  Melee: Dagger            ||    13
         Constrict         ||     4
         Tentacles         ||     4
   Cast: Sting             ||    11
   Stab: Sleeping          ||     2
 Armour: Skin              ||     3
  Dodge: Dodged            ||    14
